 Dungeon Crawl Stone Soup version 0.20.0 (webtiles) character file.

429 Eucla the Slasher (level 6, -3/32 HPs)
             Began as a Spriggan Berserker on June 7, 2017.
             Was a Priest of Trog.
             Killed by nerve-wracking pain
             ... invoked by a shadow imp
              (11 damage)
             ... on level 5 of the Dungeon.
             The game lasted 00:03:59 (3568 turns).

Eucla the Slasher (Spriggan Berserker)              Turns: 3568, Time: 00:03:59

Health: -3/32      AC:  2    Str: 15    XL:     6   Next: 66%
Magic:  7/7        EV: 20    Int:  8    God:    Trog [***...]
Gold:   170        SH:  5    Dex: 16    Spells: 5/5 levels left

rFire    . . .     SeeInvis +   a - +0 falchion
rCold    . . .     Gourm    .   (shield restricted)
rNeg     . . .     Faith    .   b - +0 animal skin
rPois    .         Spirit   .   (helmet restricted)
rElec    .         Reflect  +   (no cloak)
rCorr    .         Harm     .   (gloves unavailable)
MR       +....                  (boots unavailable)
Stlth    +.........             d - +5 amulet of reflection
Regen    0.1/turn               (no ring)
MPRegen  0.1/turn               (no ring)

@: very quick
A: unfitting armour, see invisible, herbivore 3, speed 3, slow metabolism 2
a: Berserk, Trog's Hand, Burn Spellbooks, Renounce Religion


You were on level 5 of the Dungeon.
You worshipped Trog.
Trog was most pleased with you.
You were not hungry.

You visited 1 branch of the dungeon, and saw 5 of its levels.

You collected 170 gold pieces.

Inventory:

Hand Weapons
 a - a +0 falchion (weapon)
Armour
 b - a +0 animal skin (worn)
Jewellery
 d - a +5 amulet of reflection (around neck)
 h - an uncursed amulet of regeneration
Scrolls
 e - a scroll of fear {unknown}
 g - 4 scrolls of teleportation {unknown}
 l - 3 scrolls of identify {unknown}
 n - 2 scrolls of amnesia {unknown}
Potions
 i - 3 potions of heal wounds {unknown}
 j - a potion of agility {unknown}
 k - a potion of invisibility {unknown}
 m - a potion of berserk rage {unknown}
 o - a potion of ambrosia {unknown}
Books
 p - a book of Cantrips

   Spells                             Type                      Level
   a - Confusing Touch                Hexes                        1
   b - Animate Skeleton               Necromancy                   1
   c - Summon Small Mammal            Summoning                    1
   d - Apportation                    Translocation                1
   Trog disapproves of the use of such an item.
Comestibles
 c - 2 bread rations
 f - 3 fruits
 q - a royal jelly


   Skills:
 - Level 2.4 Fighting
 * Level 6.3 Long Blades
 - Level 4.4 Dodging


You had 5 spell levels left.
You didn't know any spells.

Dungeon Overview and Level Annotations

Branches:
Dungeon (5/15)
 Temple: D:4-7

Altars:
Ashenzari
Elyvilon
Gozag
Uskayaw
Yredelemnul


Innate Abilities, Weirdness & Mutations

You are very small and have problems with some larger weapons.
You are too small for most types of armour.
You have supernaturally acute eyesight. (SInv)
You are a herbivore.
You cover ground extremely quickly.
You need consume almost no food.


Message History

You hit the shadow imp.
The shadow imp is moderately wounded.
The shadow imp hits you.
* * * LOW HITPOINT WARNING * * *
You hit the shadow imp.
The shadow imp is almost dead.
The shadow imp misses you.
Unknown command.
There is a stone staircase leading up here.
You can't go down here!
You climb upwards.
There is a stone staircase leading down here.
You start resting.
A worker ant comes into view.
The worker ant twitches its antennae in your direction.
You climb downwards.
There is a stone staircase leading up here.
The shadow imp gestures at you. Pain shoots through your body!
You die...

.. #. #.. #.# .
#.# ...
#.######.....
#.5.@<.......
#..##########
#...# #%#.#####
#†..5...# #
##.####%####.##
##.####.......<
...............
..#+#..........


You could see a shadow imp.

Vanquished Creatures
  An ogre (D:4)
  A scorpion (D:4)
  The ghost of DemiseSR the Chopper, a weakling MiBe of Trog (D:4)
  2 hounds (D:4)
  A bullfrog skeleton (D:5)
  A hound skeleton (D:5)
  7 adders
  An ooze (D:1)
  3 worms
  A dart slug (D:1)
  3 leopard geckos
  3 orcs (D:4)
  5 giant cockroaches
  6 goblins
  7 hobgoblins
  A quokka (D:5)
  10 bats
  4 frilled lizards
  6 kobolds
  7 rats
  A plant (D:3)
72 creatures vanquished.

Notes
Turn   | Place    | Note
-------+----------+-------------------------------------------
     0 | D:1      | Eucla the Spriggan Berserker began the quest for the Orb.
     0 | D:1      | Reached XP level 1. HP: 11/11 MP: 2/2
   112 | D:1      | Reached XP level 2. HP: 12/16 MP: 3/3
   136 | D:1      | Reached skill level 3 in Long Blades
   380 | D:1      | Reached ** piety under Trog
   471 | D:1      | Reached XP level 3. HP: 19/19 MP: 4/4
  1181 | D:2      | Reached skill level 4 in Long Blades
  1275 | D:2      | Reached XP level 4. HP: 18/23 MP: 5/5
  2085 | D:3      | Found a hide-covered altar of Uskayaw.
  2098 | D:3      | Found a white marble altar of Elyvilon.
  2845 | D:4      | Noticed DemiseSR's ghost (weakling MiBe)
  2852 | D:4      | Killed DemiseSR's ghost
  2852 | D:4      | Reached skill level 5 in Long Blades
  2852 | D:4      | Reached XP level 5. HP: 27/27 MP: 6/6
  2867 | D:4      | Noticed an ogre
  2901 | D:4      | Killed an ogre
  2926 | D:4      | Reached XP level 6. HP: 29/32 MP: 7/7
  3150 | D:4      | Reached skill level 6 in Long Blades
  3338 | D:4      | Found a basalt altar of Yredelemnul.
  3338 | D:4      | Found an opulent altar of Gozag.
  3339 | D:4      | Found a shattered altar of Ashenzari.
  3455 | D:5      | Entered Level 5 of the Dungeon
  3494 | D:5      | Reached *** piety under Trog
  3496 | D:5      | HP: 1/32 [shadow imp (5)]
  3568 | D:5      | Killed from afar by a shadow imp

Skill      XL: |  1  2  3  4  5  6 |
---------------+-------------------+-----
Long Blades    | 3 4 5 6 |  6.3
Fighting       | |  2.4
Dodging        | |  4.4

Action                   |  1- 3 |  4- 6 || total
-------------------------+-------+-------++-------
Melee: Falchion          |   112 |   240 ||   352
Invok: Berserk           |     1 |     2 ||     3
       Trog's Hand       |     1 |       ||     1
 Stab: Sleeping          |     3 |     1 ||     4
  Eat: Fruit             |       |     5 ||     5
Armor: Animal skin       |     8 |     4 ||    12
Dodge: Dodged            |   106 |   134 ||   240
Block: Other             |    14 |    28 ||    42
       Reflection        |     1 |       ||     1
       Rpst.: Falchion   |    28 |    41 ||    69
